AoeStats
← damian

Fortress

509714296Analyzed
2v2 RM · 4d ago on Sep 27, 2026· 63m 25s· 4 players
Game mode
Random Map
Map size
Normal (6 player)
Population
200
Speed
Normal
Resources
Standard
Victory
Conquest
Starting age
Dark Age
Ending age
Imperial Age
RankedLock teamsTeams togetherTeam positionsShared explorationLock speedFull tech treeHidden civsTurbo modeCheats
Victory
Defeat
🇪🇸 Bohemians · Spain
1078
+15
🇪🇸 Aztecs · Spain
957
+19
🇺🇸 Italians · United States
1043
-17
🇺🇸 Spanish · United States
1043
-17
TheDafey
7:22 Feudal Age
12:05 Castle Age
9:59 Double-Bit Axe
18:49 Fletching
18:59 Padded Archer Armor
18:52 Elite Skirmisher
19:47 Forging
19:37 Scale Mail Armor
22:56 Chain Mail Armor
23:16 Iron Casting
25:20 Horse Collar
26:20 Wheelbarrow
26:51 Heavy Plow
27:24 Hand Cart
26:57 Loom
34:35 Iron Casting
33:56 Bodkin Arrow
39:53 Bow Saw
44:53 Imperial Age
43:13 Leather Archer Armor
46:02 Elite Jaguar Warrior
Barcelona007
8:29 Feudal Age
10:13 Double-Bit Axe
12:42 Castle Age
11:43 Horse Collar
14:42 Loom
20:35 Wheelbarrow
20:14 Bow Saw
23:33 Hand Cart
23:03 Town Watch
24:47 Heavy Plow
28:59 Imperial Age
30:21 Fervor
30:32 Sanctity
30:28 Elite Hussite Wagon
32:13 Chemistry
31:58 Conscription
31:43 Hussite Reforms
31:44 Wagenburg Tactics
32:39 Murder Holes
32:55 Fortified Wall
33:06 Ballistics
33:31 Wagenburg Tactics
34:20 Padded Archer Armor
35:18 Block Printing
35:29 Illumination
36:37 Redemption
36:27 Atonement
37:22 Theocracy
38:14 Scale Mail Armor
38:25 Forging
38:03 Man-at-Arms
38:48 Squires
38:33 Arson
38:49 Long Swordsman
39:23 Two-Handed Swordsman
40:35 Chain Mail Armor
40:55 Iron Casting
40:45 Devotion
42:18 Plate Mail Armor
43:04 Houfnice
45:29 Blast Furnace
44:21 Fletching
45:29 Champion
49:13 Bodkin Arrow
49:33 Leather Archer Armor
48:43 Pikeman
53:30 Halberdier
55:49 Two-Man Saw
57:34 Cavalier
58:14 Husbandry
57:35 Light Cavalry
damian
2:20 Loom
7:07 Feudal Age
11:19 Castle Age
9:39 Double-Bit Axe
12:09 Horse Collar
12:57 Bow Saw
14:49 Redemption
15:16 Heavy Plow
21:03 Gold Mining
22:08 Inquisition
30:10 Imperial Age
27:47 Stone Mining
29:55 Redemption
31:37 Bloodlines
31:27 Husbandry
30:49 Light Cavalry
33:09 Hussar
35:14 Forging
35:06 Padded Archer Armor
37:14 Block Printing
37:17 Cavalier
41:36 Iron Casting
41:12 Scale Barding Armor
43:24 Blast Furnace
42:50 Conscription
43:23 Wheelbarrow
49:04 Chain Barding Armor
49:00 Leather Archer Armor
56:58 Sanctity
63:29 Ring Archer Armor
63:34 Plate Barding Armor
63:00 Scale Mail Armor
62:51 Fletching
Clichedsquash40
5:04 Loom
7:16 Feudal Age
5:35 Loom
7:50 Double-Bit Axe
7:49 Horse Collar
12:40 Castle Age
11:07 Fletching
11:18 Padded Archer Armor
14:57 Forging
14:48 Scale Mail Armor
14:16 Man-at-Arms
19:03 Long Swordsman
26:26 Heavy Plow
26:44 Bow Saw
29:00 Iron Casting
29:04 Wheelbarrow
28:19 Town Watch
32:01 Imperial Age
30:35 Bodkin Arrow
30:56 Chain Mail Armor
33:39 Squires
33:49 Capped Ram
34:21 Onager
34:27 Two-Handed Swordsman
36:10 Ballistics
36:03 Masonry
36:28 Murder Holes
36:46 Fortified Wall
38:26 Chemistry
38:47 Hand Cart
40:40 Plate Mail Armor
52:31 Two-Man Saw
52:05 Architecture
52:02 Bombard Tower
58:41 Gold Mining
58:42 Stone Mining
Connection lost

Rejoining the realm…

Still unreachable

The connection could not be restored.

Session expired

The server has moved on; the page needs a fresh start.